 Dungeon Crawl Stone Soup version 0.30-a0-634-g8abc85282e (webtiles) character file.

Game seed: 9491719445643914964

44 Sabo the Firebug (level 3, -5/25 HPs)
             Began as a Demonspawn Fire Elementalist on Jan 14, 2023.
             Slain by a gnoll
             ... wielding a +0 spear of venom
              (6 damage)
             ... on level 2 of the Dungeon.
             The game lasted 00:08:15 (1345 turns).

Sabo the Firebug (Demonspawn Fire Elementalist)     Turns: 1345, Time: 00:08:15

Health: -5/25      AC:  2    Str:  8    XL:     3   Next: 41%
Magic:  4/6        EV: 12    Int: 18    God:
Gold:   70         SH:  0    Dex: 13    Spells: 5/6 levels left

rFire   . . .      SeeInvis .    n - +0 mace
rCold   . . .      Faith    .    (no shield)
rNeg    . . .      Spirit   .    a - +0 robe
rPois   .          Reflect  .    (no helmet)
rElec   .          Harm     .    (no cloak)
rCorr   .          Rampage  .    (no gloves)
Will    .....                    (no boots)
Stlth   ++                       k - amulet of regeneration
HPRegen 1.04/turn                h - ring of wizardry
MPRegen 0.20/turn                (no ring)

@: lethally poisoned (-5 -> -15)
A: magic regeneration
a: no special abilities


You were on level 2 of the Dungeon.
You visited 1 branch of the dungeon, and saw 2 of its levels.

You collected 70 gold pieces.

Inventory:

Hand Weapons
 n - a +0 mace (weapon)
Armour
 a - a +0 robe (worn)
 l - a scarf of harm
Jewellery
 h - a ring of wizardry (left hand)
 k - an amulet of regeneration (around neck)
Scrolls
 c - a scroll of teleportation {unknown}
 d - a scroll of noise {unknown}
 j - a scroll of magic mapping {unknown}
Potions
 b - a potion of magic
 e - 2 potions of heal wounds {unknown}
 g - 3 potions of might {unknown}
 i - a potion of curing {unknown}
 m - a potion of attraction {unknown}


   Skills:
 + Level 0.4 Fighting
 + Level 0.1 Maces & Flails
 + Level 2.2 Dodging
 + Level 2.1 Stealth
 + Level 2.2 Spellcasting
 + Level 1.2 Conjurations
 + Level 3.2 Fire Magic


You had 5 spell levels left.
You knew the following spells:

 Your Spells              Type           Power      Damage    Failure   Level
a - Foxfire               Conj/Fire      40%        2x1d6     2%          1

Your spell library contained the following spells:

 Spells                   Type           Power      Damage    Failure   Level
 Scorch                   Fire           26%        2d6       2%          2
 Beastly Appendage        Tmut           4%         N/A       8%          1
 Inner Flame              Hex/Fire       7%         N/A       11%         3
 Kindle Blastsparks       Fire/Tloc/Air  10%        2d10      14%         3
 Flame Wave               Conj/Fire      10%        2d6       26%         4


Dungeon Overview and Level Annotations

Branches:
Dungeon (2/15)

Altars:

Annotations:
D:1 1 transporter


Innate Abilities, Weirdness & Mutations

You regenerate magic rapidly.


Message History

Confirm with . or Enter, or press ? or * to list all spells.
You conjure some foxfire!
The gnoll shouts!
You hear a shout!
A gnoll comes into view. It is wielding a +0 spear of venom.
Your foxfire dissipates!
The foxfire hits the gnoll but does no damage.
Casting: Foxfire (safe; 3% risk of failure)
Confirm with . or Enter, or press ? or * to list all spells.
You conjure some foxfire!
Your foxfire dissipates!
The foxfire hits the gnoll but does no damage.
Casting: Foxfire (safe; 3% risk of failure)
Confirm with . or Enter, or press ? or * to list all spells.
You conjure some foxfire!
Your foxfire dissipates!
The foxfire hits the gnoll.
The gnoll is moderately wounded.
Casting: Foxfire (safe; 3% risk of failure)
Confirm with . or Enter, or press ? or * to list all spells.
You conjure some foxfire!
The foxfire hits the gnoll.
The gnoll is severely wounded.
You hit the gnoll.
The gnoll is almost dead.
The gnoll barely misses you.
You hit the gnoll.
The gnoll is almost dead.
The gnoll barely misses you.
The gnoll hits you from afar with a +0 spear of venom!
You are poisoned.
The gnoll misses you. The gnoll barely misses you.
You hit the gnoll.
You kill the gnoll!
You feel very sick.
The gnoll hits you from afar with a +0 spear of venom!
* * * LOW HITPOINT WARNING * * *
You are more poisoned.
* * * LOW HITPOINT WARNING * * *
You feel very sick.
The gnoll hits you with a +0 spear of venom.
You die...

#<# ##.############
#.............#
#.............#
#.............#
#.............#
#.............#
##'##############.#.
#......@g..........
################.#.


You could see a gnoll.

Vanquished Creatures
  A gnoll (D:2)
  2 endoplasms
  A giant cockroach (D:1)
  2 goblins (D:1)
  2 hobgoblins (D:1)
  6 jackals
  3 quokkas (D:1)
  A ball python (D:1)
  4 bats (D:1)
  3 frilled lizards (D:1)
  5 kobolds (D:1)
  A rat (D:1)
31 creatures vanquished.

Vanquished Creatures (collateral kills)
  A foxfire (D:1)
1 creature vanquished.

Vanquished Creatures (others)
  56 foxfires
56 creatures vanquished.

Grand Total: 88 creatures vanquished

Notes
Turn   | Place    | Note
-------+----------+-------------------------------------------
     0 | D:1      | Sabo the Demonspawn Fire Elementalist began the quest for
                  | the Orb.
     0 | D:1      | Reached XP level 1. HP: 13/13 MP: 3/3
   356 | D:1      | Gained mutation: You regenerate magic rapidly. [demonic
                  | ancestry]
   356 | D:1      | Reached XP level 2. HP: 13/19 MP: 3/5
   593 | D:1      | Reached skill level 3 in Fire Magic
  1030 | D:1      | Found a faded altar of an unknown god.
  1041 | D:1      | Got Plato's Codex of Reconstruction
  1127 | D:1      | Reached XP level 3. HP: 20/24 MP: 3/6
  1345 | D:2      | HP: 1/25 [poisoned by a gnoll]
  1345 | D:2      | Slain by a gnoll

Illustrated notes

Levels and vault maps discovered:
D:1:      spicycebolla_arrival_risky_transporter, layout_basic,
          shapermc_ecumenical_altar_rom_forum, minmay_small_reverse_x
D:2:      cheibrodos_greedy_goblins, layout_basic, basic_altar, st_stairs_9,
          minmay_bisected

Skill      XL: |  1  2 |
---------------+-------+-----
Stealth        | 2 |  2.1
Dodging        | 2 |  2.2
Fire Magic     | 3 |  3.2
Fighting       | |  0.4
Maces & Flails | |  0.1
Spellcasting   | |  2.2
Conjurations   | |  1.2

Action                   || total
-------------------------++-------
Melee: Club              ||     2
       Short sword       ||    22
       Mace              ||    14
 Cast: Foxfire           ||    38
Armor: Robe              ||    17
Dodge: Dodged            ||    49

Table legend: (Time is in decaauts)
 A = Elapsed time spent in this place.
 B = Non-inter-level travel time spent in this place.
 C = Inter-level travel time spent in this place.
 D = Time resting spent in this place.
 E = Time spent auto-exploring this place.
 F = Levels seen in this place.
 G = Mean time per level.
                   A        B        C        D        E       F      G
               +--------+--------+--------+--------+--------+-----+--------+
         Total |   1348 |   1348 |      0 |    367 |      0 |   2 |  674.0 |
       Dungeon |   1348 |   1348 |      0 |    367 |      0 |   2 |  674.0 |
               +--------+--------+--------+--------+--------+-----+--------+

Top non-repeatable levels by time:
     D:1: 1280 daAuts
     D:2: 68 daAuts
